 Dungeon Crawl Stone Soup version 0.29.1-2-gbd0b4ee654 (webtiles) character file.

Game seed: 2834712644335104580

422 concernfroge the Trooper (level 6, -1/55 HPs)
             Began as a Mummy Monk on Nov 26, 2022.
             Slain by a black bear (2 damage)
             ... on level 4 of the Dungeon.
             The game lasted 00:06:55 (4022 turns).

concernfroge the Trooper (Mummy Monk)               Turns: 4022, Time: 00:06:56

Health: -1/55      AC:  8    Str: 17    XL:     6   Next: 63%
Magic:  6/6        EV: 11    Int:  9    God:
Gold:   199        SH:  0    Dex: 14    Spells: 5/5 levels left

rFire   x . .      SeeInvis .   b - +0 morningstar (flame)
rCold   + . .      Faith    .   (no shield)
rNeg    + + +      Spirit   .   f - +0 chain mail
rPois   ∞          Reflect  .   (no helmet)
rElec   .          Harm     .   (no cloak)
rCorr   .          Rampage  .   (no gloves)
Will    .....                   (no boots)
Stlth   ..........              (no amulet)
HPRegen 0.18/turn               c - +4 ring of evasion
MPRegen 0.10/turn               (no ring)

@: no status effects
A: cold resistance 1, negative energy resistance 3, torment resistance 2, heat
vulnerability 1, in touch with death 1, no potions
a: no special abilities


You were on level 4 of the Dungeon.
You visited 1 branch of the dungeon, and saw 4 of its levels.

You collected 199 gold pieces.

Inventory:

Hand Weapons
 b - a +0 morningstar of flaming (weapon)
Missiles
 d - 3 poisoned darts
 g - 3 javelins (quivered)
Armour
 f - a +0 chain mail (worn)
Jewellery
 c - a +4 ring of evasion (left hand)
Scrolls
 e - a scroll of amnesia
 i - a scroll of noise
 j - 2 scrolls of fog


   Skills:
 + Level 7.6 Fighting
 - Level 2.4 Polearms
 - Level 2.4 Dodging
 - Level 1.5 Stealth


You had 5 spell levels left.
You didn't know any spells.
Your spell library was empty.

Dungeon Overview and Level Annotations

Branches:
Dungeon (4/15)
 Temple: D:4-7

Altars:
Ru
Yredelemnul

Shops:
D:4 (


Innate Abilities, Weirdness & Mutations

You are immune to poison.
Your flesh is cold resistant. (rC+)
You are immune to negative energy. (rN+++)
You are immune to unholy pain and torment.
You are vulnerable to heat. (rF-)
You are in touch with the powers of death.
You do not drink.


Message History

The scorpion stings you. The black bear bites you.
The black bear barely misses you.
The black bear claws you but does no damage.
The ogre hits you with a +0 giant spiked club!
The scorpion stings you but does no damage.
The black bear closely misses you.
The black bear claws you but does no damage. x2
As you read the scroll labelled SECKAR ZANOTZ, it crumbles to dust.
It is a scroll of brand weapon.
Your +0 morningstar is engulfed in flames!
b - a +0 morningstar of flaming (weapon)
The scorpion closely misses you.
The ogre hits you with a +0 giant spiked club!
* * * LOW HITPOINT WARNING * * *
The black bear bites you but does no damage.
The black bear claws you but does no damage.
The black bear closely misses you.
The scorpion stings you but does no damage.
The black bear attacks as you move away!
The black bear bites you!
* * * LOW HITPOINT WARNING * * *
The black bear claws you.
* * * LOW HITPOINT WARNING * * *
The black bear claws you but does no damage.
As you read the scroll labelled HAOTTAU HIESK, it crumbles to dust.
You hear a loud clanging noise!
It was a scroll of noise.
You hear a shout! x5
The scorpion barely misses you. The black bear closely misses you.
The black bear claws you.
* * * LOW HITPOINT WARNING * * *
The black bear claws you.
* * * LOW HITPOINT WARNING * * *
As you read the scroll labelled TEXKAPNYRU, it crumbles to dust.
It is a scroll of identify.
j - 2 scrolls of fog The scorpion stings you but does no damage.
The black bear barely misses you. The black bear closely misses you.
The black bear claws you.
You die...

... ...# ..#####...#
...#_....# ... ..#.....##
#.. ###~#~≈≈≈..# ...
#...#?..≈..# #..
#.......≈.!##
#..####sh.≈≈≈≈..#
#...#..@O.(.≈...#
####..#...†..?≈...#
#..###.#####...##.#
########.......# #..)..#
.#.......####........####
....#.#### #.#####>.#
.####.# #.# ## .# #.# #.#
## #.# #.#


You could see a black bear, an ogre and a scorpion.

Vanquished Creatures
  Grinder (D:3)
  A scorpion (D:4)
  An orc wizard (D:2)
  3 gnolls (D:3)
  4 adders
  3 dart slugs
  8 orcs
  13 endoplasms
  A giant cockroach (D:2)
  4 goblins
  5 hobgoblins
  3 jackals (D:2)
  5 quokkas
  9 ball pythons
  5 bats
  2 kobolds (D:3)
  6 rats
  A spectral goblin (D:1)
75 creatures vanquished.

Vanquished Creatures (others)
  8 plants (D:3)
8 creatures vanquished.

Grand Total: 83 creatures vanquished

Notes
Turn   | Place    | Note
-------+----------+-------------------------------------------
     0 | D:1      | concernfroge the Mummy Monk began the quest for the Orb.
     0 | D:1      | Reached XP level 1. HP: 18/18 MP: 1/1
    78 | D:1      | Found a faded altar of an unknown god.
   224 | D:1      | Reached XP level 2. HP: 24/24 MP: 2/2
   570 | D:1      | Reached skill level 4 in Fighting
   829 | D:2      | Found a basalt altar of Yredelemnul.
   852 | D:1      | Gained mutation: You are in touch with the powers of death.
                  | [Mummy growth]
   852 | D:1      | Reached XP level 3. HP: 27/30 MP: 3/3
  1486 | D:2      | Reached skill level 5 in Fighting
  1486 | D:2      | Reached XP level 4. HP: 12/39 MP: 4/4
  2432 | D:3      | Noticed Grinder
  2441 | D:3      | Paralysed by Grinder for 5 turns
  2449 | D:3      | Paralysed by Grinder for 4 turns
  2461 | D:3      | Killed Grinder
  2462 | D:3      | Reached skill level 7 in Fighting
  2462 | D:3      | Reached XP level 5. HP: 28/48 MP: 5/5
  2462 | D:3      | Reached XP level 6. HP: 33/55 MP: 6/6
  3886 | D:4      | Found Emusuxz Imey's Antique Weapon Boutique.
  3987 | D:4      | Found a sacrificial altar of Ru.
  4021 | D:4      | HP: 1/55 [black bear (3)]
  4022 | D:4      | Slain by a black bear

Illustrated notes

Levels and vault maps discovered:
D:1:      dpeg_arrival_lava_altar, layout_loops_ring,
          dreamdust_ecumenical_altar_drowned_temple
D:2:      layout_basic, basic_altar
D:3:      layout_basic, old_standard_altar, serial_bayou_lake_a, uniq_grinder
D:4:      layout_rooms, nzn_wu_jian_contemplation, hangedman_ru_absence,
          serial_shops, nicolae_shop_trees, ebering_ghost_sewer_f

Skill      XL: |  1  2  3  4 |
---------------+-------------+-----
Fighting       | 4 5 7 |  7.6
Polearms       | |  2.4
Dodging        | |  2.4
Stealth        | |  1.5

Action                   |  1- 3 |  4- 6 || total
-------------------------+-------+-------++-------
Melee: Spear             |   146 |       ||   146
       Morningstar       |    13 |   150 ||   163
       Punch             |     1 |     2 ||     3
Throw: Dart              |       |     3 ||     3
       Javelin           |       |     3 ||     3
  Use: Scroll            |     2 |     4 ||     6
 Stab: Sleeping          |     7 |       ||     7
Armor: Robe              |     7 |       ||     7
       Chain mail        |    26 |    85 ||   111
Dodge: Dodged            |   100 |   140 ||   240
